 Dungeon Crawl Stone Soup version 0.32-a0-699-g1ee5eff69a (webtiles) character file.

Game seed: 15471458656721556844

35 arcshroob the Trooper (level 3, -1/29 HPs)
             Began as a Demonspawn Shapeshifter on Mar 13, 2024.
             Slain by a ribbon worm (6 damage)
             ... on level 2 of the Dungeon.
             The game lasted 00:02:33 (1000 turns).

arcshroob the Trooper (Demonspawn Shapeshifter)     Turns: 1000, Time: 00:02:35

Health: -1/29      AC:  3    Str: 16    XL:     3   Next: 17%
Magic:  3/3        EV:  1    Int: 10    God:
Gold:   46         SH:  0    Dex: 12    Spells: 2/2 levels left

rFire   . .          .
                       - Unarmed
rCold   . . .        (no shield)
rNeg    . . .        a - +0 animal skin
rPois   .            (helmet currently unavailable)
rElec   .            (cloak currently unavailable)
rCorr   .            (gloves currently unavailable)
SInv    .            (boots currently unavailable)
Will    .....        (no amulet)
Stlth   +            (no ring)
HPRegen 0.24/turn    (no ring)
MPRegen 0.08/turn

%: no passive effects
@: beast-form, constricted
A: beast (slay +1), powered by pain 1, sharp scales 1
a: Begin Untransformation


You were on level 2 of the Dungeon.
You were a hulking beast.
You visited 1 branch of the dungeon, and saw 2 of its levels.

You collected 46 gold pieces.

Inventory:

Armour
 a - a +0 animal skin (worn)
Talismans
 c - a beast talisman (active)
 d - a flux talisman
Scrolls
 e - 3 scrolls of identify {unknown}
 f - a scroll of enchant weapon {unknown}
 k - a scroll of noise {unknown}
Potions
 b - a potion of lignification
 g - 2 potions of resistance {unknown}
 h - a potion of heal wounds {unknown}
 i - a potion of berserk rage {unknown}
 j - 4 potions of curing {unknown}
 l - a potion of might {unknown}
 m - a potion of enlightenment {unknown}


   Skills:
 - Level 3.0 Fighting
 - Level 1.7 Dodging
 + Level 2.8 Unarmed Combat
 - Level 2.6 Shapeshifting


You had 2 spell levels left.
You didn't know any spells.
Your spell library contained the following spells:

 Spells                   Type           Power      Damage    Failure   Level
 Inner Flame              Hex/Fire       0%         N/A       75%         3
 Plasma Beam              Fire/Air       0%         2x1d10    100%        6
 Ignition                 Fire           0%         3d3       100%        8


Dungeon Overview and Level Annotations

Branches:
Dungeon (2/15)

Altars:


Innate Abilities, Weirdness & Mutations

You are a hulking beast.
Your limbs bulge with bestial killing power. (Slay +1)
You sometimes gain a little power by taking damage.
You are partially covered in razor-sharp scales. (AC +1, Slay +1)


Message History

Found a stone staircase leading down.
m - an emerald potion A goblin comes into view.
It is wielding a +0 club.
A goblin is nearby!
A ribbon worm and a ball python come into view.
Found an escape hatch in the floor.
The goblin shouts!
You hear an angry hiss.
A ball python comes into view.
The goblin hits you but does no damage.
The ball python bites you but does no damage.
The ball python barely misses you. The goblin closely misses you.
The ball python bites you. The ball python barely misses you. x3
You hit the ball python.
You kill the ball python!
The ball python bites you. The ball python closely misses you.
The goblin barely misses you.
The ribbon worm expels a string of sticky webbing.
The stream of webbing hits you but does no damage.
You are caught in a web!
Unknown command.
You struggle to detach yourself from the web.
The ball python bites you but does no damage.
The ball python grabs you. The ball python constricts you.
The goblin hits you but does no damage.
You struggle to detach yourself from the web.
The ball python bites you. The ball python constricts you.
The goblin hits you with a +0 club. The ball python bites you.
The ball python constricts you.
You struggle to detach yourself from the web.
The goblin hits you with a +0 club. The ribbon worm bites you.
The ball python bites you. The ball python constricts you.
The web tears apart.
The goblin hits you with a +0 club.
* * * LOW HITPOINT WARNING * * *
The ball python bites you.
* * * LOW HITPOINT WARNING * * *
The ball python constricts you.
* * * LOW HITPOINT WARNING * * *
The ribbon worm bites you.
You die...

#........<..#..
##.............####.
.......)...#.......
...........##...... ..
...........# ..>.. ##..
..........##.#.... ....
.........###.#...# ...
......##)###...#w##.#
......##..#....#hg..#
......##.........S###
..................####
.....................###.#
.......#.#........##......
.......#<###........###...
.......#.###.##.....#.....
.........##..##.....#.#..#
.....###..#..##.........#


You could see a ribbon worm, a goblin and a ball python.

Vanquished Creatures
  An adder (D:2)
  A dart slug (D:2)
  A ribbon worm (D:2)
  2 endoplasms
  3 giant cockroaches
  2 goblins
  2 hobgoblins (D:2)
  A quokka (D:1)
  2 ball pythons
  A bat (D:1)
  2 frilled lizards (D:2)
  3 kobolds
  A rat (D:2)
22 creatures vanquished.

Notes
Turn   | Place    | Note
-------+----------+-------------------------------------------
     0 | D:1      | arcshroob the Demonspawn Shapeshifter began the quest for
                  | the Orb.
     0 | D:1      | Reached XP level 1. HP: 15/15 MP: 1/1
   226 | D:1      | Got the Book of the Coals
   392 | D:1      | Reached skill level 2 in Fighting
   509 | D:1      | Gained mutation: You sometimes gain a little power by
                  | taking damage. [demonic ancestry]
   509 | D:1      | Reached XP level 2. HP: 20/22 MP: 2/2
   695 | D:1      | Found a faded altar of an unknown god.
   877 | D:2      | Reached skill level 3 in Fighting
   886 | D:2      | Gained mutation: You are partially covered in razor-sharp
                  | scales. (AC +1, Slay +1) [demonic ancestry]
   886 | D:2      | Reached XP level 3. HP: 22/29 MP: 3/3
  1000 | D:2      | Slain by a ribbon worm

Illustrated notes

Levels and vault maps discovered:
D:1:      spicycebolla_green_bress_n_ham, layout_loops_ring,
          shapermc_ecumenical_altar_hornbeckon, kennysheep_another_room
D:2:      layout_rooms, uniq_crazy_yiuf_cottage

Skill      XL: |  1  2 |
---------------+-------+-----
Fighting       | 2 3 |  3.0
Dodging        | |  1.7
Unarmed Combat | |  2.8
Shapeshifting  | |  2.6

Action                     || total
---------------------------++-------
  Melee: Unarmed           ||    71
 Armour: Animal skin       ||    55
  Dodge: Dodged            ||    42

Table legend: (Time is in decaauts)
 A = Elapsed time spent in this place.
 B = Non-inter-level travel time spent in this place.
 C = Inter-level travel time spent in this place.
 D = Time resting spent in this place.
 E = Time spent auto-exploring this place.
 F = Levels seen in this place.
 G = Mean time per level.
                   A        B        C        D        E       F      G
               +--------+--------+--------+--------+--------+-----+--------+
         Total |   1005 |   1005 |      0 |      0 |    776 |   2 |  502.5 |
       Dungeon |   1005 |   1005 |      0 |      0 |    776 |   2 |  502.5 |
               +--------+--------+--------+--------+--------+-----+--------+

Top non-repeatable levels by time:
     D:1: 735 daAuts
     D:2: 270 daAuts
